 Dungeon Crawl Stone Soup version 0.24.0-28-g17ded55e90 (webtiles) character file.

Game seed: 11651211575711731452, levelgen mode: deterministic

11603 Delamore the Severer (level 11, -8/92 HPs)
             Began as a Hill Orc Fighter on Nov 11, 2019.
             Was a Priest of Qazlal.
             Hit by a javelin thrown by Urug (22 damage)
             ... on level 11 of the Dungeon.
             The game lasted 00:21:38 (10933 turns).

Delamore the Severer (Hill Orc Fighter)            Turns: 10933, Time: 00:21:39

Health: -8/92      AC:  9    Str: 26    XL:     11   Next: 80%
Magic:  11/11      EV:  7    Int: 16    God:    Qazlal [***...]
Gold:   320        SH: 14    Dex: 16    Spells: 10/10 levels left

rFire    + . .     SeeInvis .   B - +9 mace "Kocoli" {elec, +Fly rPois Int+8 Dex+3}
rCold    + . .     Gourm    .   c - +0 shield
rNeg     . . .     Faith    +   N - +0 scale mail of the Apprentice {rF+ Str+3 Dex+3} (curse)
rPois    +         Spirit   .   s - +0 helmet
rElec    .         Reflect  .   u - +0 cloak
rCorr    .         Harm     .   (no gloves)
MR       +....                  (no boots)
Stlth    ..........             P - amulet of faith
HPRegen  0.25/turn              D - ring of protection from cold
MPRegen  0.12/turn              A - ring of protection from magic

@: berserk cooldown, slowed, very slow
A: no striking features
a: Upheaval, Elemental Force, Renounce Religion, Evoke Flight


You were on level 11 of the Dungeon.
You worshipped Qazlal.
Qazlal was most pleased with you.
You were full.

You visited 3 branches of the dungeon, and saw 13 of its levels.

You collected 640 gold pieces.
You spent 320 gold pieces at shops.

Inventory:

Hand Weapons
 a - a +0 war axe
 B - the +9 mace "Kocoli" (weapon) {elec, +Fly rPois Int+8 Dex+3}
   (You found it on level 6 of the Dungeon)

   Occasionally, upon striking a foe, it will discharge some electrical energy
   and cause terrible harm.
   It affects your intelligence (+8).
   It affects your dexterity (+3).
   It protects you from poison.
   It lets you fly.
 L - a +3 scimitar of flaming
Missiles
 j - 3 curare-tipped darts (quivered)
Armour
 c - a +0 shield (worn)
 s - a +0 helmet (worn)
 u - a +0 cloak (worn)
 N - the cursed +0 scale mail of the Apprentice (worn) {rF+ Str+3 Dex+3}
   (You bought it in a shop on level 10 of the Dungeon)

   It affects your strength (+3).
   It affects your dexterity (+3).
   It protects you from fire.
   It has a curse placed upon it.
Jewellery
 w - an uncursed ring of wizardry
 x - an uncursed amulet of harm
 A - a ring of protection from magic (right hand)
 D - a ring of protection from cold (left hand)
 O - an uncursed amulet of the gourmand
 P - an amulet of faith (around neck)
 S - a +4 ring of dexterity
 U - an uncursed ring of flight
Wands
 q - a wand of disintegration (14)
 v - a wand of random effects (31)
 z - a wand of paralysis (12)
 H - a wand of clouds (3)
 I - a wand of iceblast (16)
 K - a wand of polymorph (9)
Scrolls
 i - 7 scrolls of fear
 l - 3 scrolls of immolation
 o - a scroll of blinking
 t - 3 scrolls of enchant armour
 y - a scroll of fog
 E - a scroll of magic mapping
 G - 2 scrolls of teleportation
 T - 2 scrolls of identify
Potions
 d - a potion of might
 k - 3 potions of curing
 m - a potion of cancellation
 p - a potion of lignification
 r - a potion of resistance
 C - 2 potions of haste
 F - a potion of magic {unknown}
 J - a potion of flight {unknown}
 Q - a potion of agility {unknown}
 R - 3 potions of degeneration
Comestibles
 f - 23 rations


   Skills:
 * Level 7.0 Fighting
 - Level 20.4 Axes
 + Level 5.0 Armour
 - Level 3.2 Shields


You had 10 spell levels left.
You didn't know any spells.
Your spell library contained the following spells:

 Spells                   Type           Power        Failure   Level  Hunger
 Sandblast                Erth           #.....       94%         1    ##.....
 Shock                    Conj/Air       #...         94%         1    ##.....
 Passwall                 Tmut/Erth      #.......     98%         2    ###....
 Swiftness                Chrm/Air       #.......     98%         2    ###....
 Static Discharge         Conj/Air       #.......     100%        3    ####...
 Stone Arrow              Conj/Erth      #.....       100%        3    ####...
 Airstrike                Air            #.........   100%        4    #####..
 Petrify                  Tmut/Erth      #.......     100%        4    #####..
 Lee's Rapid Deconstruct  Erth           #.........   100%        5    ######.
 Lightning Bolt           Conj/Air       #.........   100%        5    ######.


Dungeon Overview and Level Annotations

Branches:
Dungeon (11/15)            Temple (1/1) D:6            Lair (1/6) D:9
    Orc: D:9-12

Altars:
Ashenzari
Cheibriados
Dithmenos
Fedhas
Gozag
Makhleb
Nemelex Xobeh
Okawaru
Qazlal
Ru
Vehumet
Wu Jian
Yredelemnul

Shops:
D:4 (   D:10 =*::!

Portals:
Trove: D:10 (give 8 scrolls of blinking)

Annotations:
D:11 Josephine, Urug


Message History

The sentinel's mark upon you fades away.
A wight comes into view. It is wielding a +3 dagger.
A wraith comes into view.
Urug throws a javelin.
The javelin pierces through you!
* * * LOW HITPOINT WARNING * * *
The wraith moves out of view.
You see here a javelin.
You hear a shout!
A wraith comes into view.
The wraith hits you but does no damage.
A wight comes into view. It is wielding a +0 dagger.
You block the wraith's attack.
An ogre comes into view. It is wielding a +0 giant club.
A wight comes into view. It is wielding a +4 falchion.
You block the wraith's attack.
Urug throws a javelin.
The javelin pierces through you but does no damage.
A gnoll comes into view.
It is wielding a +0 club and carrying a wand of acid (8).
There is a stone staircase leading up here.
Urug throws a javelin.
The javelin pierces through you!!
You die...

#.........#
#.......(.#
#.........#
#)o.gh....#
#)###o#####
#†# #.# #o#
#(# #h###.#
#.##@@#
##.###.#Wz.#
.....gg.WW.(#
.##.ZO#Wz####
....#.z..#
... ###..# ..
#..# # #.##
...


You could see Josephine, Urug, 4 wraiths, an ogre, a hound, 3 wights, 2 gnolls
and a centaur warrior zombie.

Vanquished Creatures
  Erica (D:9)
  Erolcha (D:9)
  A catoblepas (D:10)
  3 two-headed ogres
  A moth of wrath (shapeshifter) (D:10)
  Psyche (D:8)
  A spiny frog (Lair:1)
  A gargoyle (D:11)
  A komodo dragon (D:9)
  Sigmund (D:6)
  A wyvern (D:8)
  A steam dragon (D:11)
  A hungry ghost (D:8)
  Duvessa (D:4)
  2 sky beasts
  3 orc warriors
  3 ice beasts
  A black bear (Lair:1)
  6 ogres
  A phantom (D:7)
  5 centaurs
  4 necrophages
  2 bullfrogs (D:10)
  Dowan (D:4)
  A water moccasin skeleton (D:10)
  3 scorpions
  9 killer bees
  5 howler monkeys
  3 crimson imps
  2 bullfrog zombies
  6 centaur zombies
  2 hounds
  2 jellies
  A centaur skeleton (D:10)
  3 bullfrog skeletons (D:10)
  5 orc priests
  Terence (D:3)
  6 worker ants
  Natasha (thrice) (D:4)
  4 iguanas
  14 orc wizards
  3 killer bee zombies
  A hound skeleton (D:4)
  2 worker ant zombies
  A howler monkey zombie (D:7)
  12 adders
  2 shadow imps
  An ooze (D:5)
  2 adder zombies
  2 worms
  2 dart slugs
  6 leopard geckos
  40 orcs
  8 bats
  5 giant cockroaches
  7 goblins
  8 hobgoblins
  2 jackals (D:1)
  4 quokkas
  A ball python (D:2)
  A ball python zombie (D:5)
  4 frilled lizards
  6 kobolds
  A leopard gecko skeleton (D:8)
  A quokka zombie (D:6)
  7 rats
  A bush (D:6)
244 creatures vanquished.

Vanquished Creatures (others)
  An orc (D:9)
  9 plants
10 creatures vanquished.

Grand Total: 254 creatures vanquished

Notes
Turn   | Place    | Note
-------+----------+-------------------------------------------
     0 | D:1      | Delamore the Hill Orc Fighter began the quest for the Orb.
     0 | D:1      | Reached XP level 1. HP: 19/19 MP: 1/1
    19 | D:1      | Reached skill level 3 in Axes
   113 | D:1      | Reached XP level 2. HP: 22/26 MP: 2/2
   170 | D:1      | Reached skill level 4 in Axes
   615 | D:2      | Reached XP level 3. HP: 29/31 MP: 3/3
   681 | D:2      | Found a snail-covered altar of Cheibriados.
   960 | D:2      | Reached skill level 5 in Axes
  1338 | D:3      | Reached XP level 4. HP: 32/39 MP: 4/4
  1399 | D:3      | Noticed Terence
  1415 | D:3      | Killed Terence
  1415 | D:3      | Reached skill level 6 in Axes
  1422 | D:3      | Reached XP level 5. HP: 32/45 MP: 5/5
  1668 | D:3      | Reached skill level 7 in Axes
  2148 | D:4      | Noticed Natasha
  2153 | D:4      | Killed Natasha
  2186 | D:4      | Reached skill level 8 in Axes
  2186 | D:4      | Reached XP level 6. HP: 51/51 MP: 6/6
  2207 | D:4      | Found Micubli's Weapon Shop.
  2274 | D:4      | Reached skill level 9 in Axes
  2303 | D:4      | Noticed Natasha
  2309 | D:4      | Killed Natasha
  2318 | D:4      | You fall into a shaft and drop 3 floors!
  2359 | D:5      | Entered Level 5 of the Dungeon
  2359 | D:5      | Noticed Duvessa
  2359 | D:5      | Noticed Dowan
  2382 | D:4      | Killed Duvessa
  2382 | D:4      | Reached skill level 10 in Axes
  2382 | D:4      | Reached XP level 7. HP: 22/57 MP: 7/7
  2384 | D:4      | HP: 2/57 [something (2)]
  2388 | D:4      | Killed Dowan
  2402 | D:4      | Noticed Natasha
  2413 | D:4      | Killed Natasha
  2712 | D:4      | Found a shattered altar of Ashenzari.
  2959 | D:5      | Reached skill level 11 in Axes
  3216 | D:5      | Found a snail-covered altar of Cheibriados.
  3281 | D:5      | Reached XP level 8. HP: 62/64 MP: 8/8
  3386 | D:5      | Reached skill level 12 in Axes
  3636 | D:6      | Got a crystal mace
  3637 | D:6      | Identified the +9 mace "Kocoli" {elec, +Fly rPois Int+8
                  | Dex+3} (You found it on level 6 of the Dungeon)
  3666 | D:6      | Found a staircase to the Ecumenical Temple.
  3681 | Temple   | Entered the Ecumenical Temple
  3793 | Temple   | Became a worshipper of Qazlal Stormbringer
  3857 | D:6      | Reached skill level 13 in Axes
  4121 | D:6      | Noticed Sigmund
  4134 | D:6      | Killed Sigmund
  4134 | D:6      | Reached skill level 14 in Axes
  4134 | D:6      | Reached XP level 9. HP: 54/70 MP: 9/9
  4531 | D:6      | Found a blossoming altar of Fedhas.
  4912 | D:6      | Reached skill level 15 in Axes
  4915 | D:6      | Reached * piety under Qazlal
  5309 | D:7      | Got a bloodstained robe
  5321 | D:7      | HP: 2/70 [ogre/+0 giant club (30)]
  5827 | D:7      | Reached skill level 16 in Axes
  6147 | D:8      | Noticed Psyche
  6740 | D:8      | Reached XP level 10. HP: 70/77 MP: 10/10
  6850 | D:8      | Killed Psyche
  6850 | D:8      | Reached skill level 17 in Axes
  7095 | D:8      | Found an ornate altar of the Wu Jian Council.
  7572 | D:9      | Reached ** piety under Qazlal
  7664 | D:9      | Noticed Erolcha
  7675 | D:9      | Noticed Erica
  7682 | D:9      | Killed Erica
  7682 | D:9      | Reached skill level 18 in Axes
  7683 | D:9      | Killed Erolcha
  7975 | D:9      | Found a staircase to the Lair.
  8583 | D:9      | Identified the +2 robe of Depression {rC+ MP+9} (You found
                  | it on level 7 of the Dungeon)
  8601 | Lair:1   | Entered Level 1 of the Lair of Beasts
  8615 | Lair:1   | Noticed a spiny frog
  8628 | Lair:1   | Killed a spiny frog
  8628 | Lair:1   | Reached skill level 19 in Axes
  8680 | Lair:1   | Noticed a catoblepas
  8680 | Lair:1   | Noticed a black mamba
  8857 | D:10     | Entered Level 10 of the Dungeon
  8868 | D:10     | Found Usiutwu's Assorted Antiques.
  8880 | D:10     | Noticed a two-headed ogre
  8889 | D:10     | Killed a two-headed ogre
  8889 | D:10     | Reached XP level 11. HP: 58/82 MP: 11/11
  9241 | D:10     | Got a warped leather armour
  9252 | D:10     | Identified the cursed +0 leather armour of Xukhigaq {rN+
                  | MR+ Dex-4} (You found it on level 10 of the Dungeon)
  9313 | D:10     | Found Vuib's Distillery.
  9319 | D:10     | Bought a potion of degeneration for 14 gold pieces
  9350 | D:10     | Found Voas Umi's Book Shop.
  9416 | D:10     | Noticed a catoblepas
  9424 | D:10     | Noticed a fire crab
  9424 | D:10     | a fire crab changed into a troll
  9429 | D:10     | Killed a catoblepas
  9429 | D:10     | Reached skill level 20 in Axes
  9443 | D:10     | Noticed a sea snake
  9444 | D:10     | Noticed a moth of wrath
  9444 | D:10     | a sea snake changed into a moth of wrath
  9451 | D:10     | Killed a moth of wrath
  9458 | D:10     | HP: 4/82 [scorpion (5)]
  9923 | D:10     | Noticed a two-headed ogre
  9929 | D:10     | Killed a two-headed ogre
  9956 | D:10     | Reached skill level 5 in Fighting
 10196 | D:10     | Reached *** piety under Qazlal
 10347 | D:10     | Found Ticunul's Book Boutique.
 10440 | D:10     | Found Jienemom's Jewellery Shop.
 10477 | D:10     | Found a portal to a secret trove of treasure.
 10765 | D:10     | Bought a steaming scale mail for 306 gold pieces
 10839 | D:10     | Identified the cursed +0 scale mail of the Apprentice {rF+
                  | Str+3 Dex+3} (You bought it in a shop on level 10 of the
                  | Dungeon)
 10892 | D:11     | Noticed a two-headed ogre
 10899 | D:11     | Noticed Urug
 10915 | D:11     | Killed a two-headed ogre
 10923 | D:11     | Reached skill level 5 in Armour
 10926 | D:11     | Noticed Josephine
 10933 | D:11     | Hit by a javelin thrown by Urug

Levels and vault maps discovered:
D:1:      roderic_chinese_lattice_arrival, layout_rooms
D:2:      layout_basic, overflow_temple_1_default
D:3:      layout_loops_ring, minmay_starry_boxes, uniq_terence
D:4:      layout_basic, serial_shops, shop, kennysheep_small_circle,
          uniq_natasha
D:5:      layout_rooms, first_ration, supply_closet_lemuel,
          kennysheep_slug_shrine, uniq_duvessa
D:6:      layout_loops_corners, minmay_temple_entry_mini_moons,
          fedhas_altar_decomposition, uniq_sigmund
D:7:      layout_gridville
D:8:      layout_basic, basic_altar, uniq_psyche
D:9:      layout_basic, david_lair_shrubbed, uniq_erica, uniq_erolcha
D:10:     wad_statue_garden, layout_basic, nicolae_trove_entry_crystal,
          serial_shops, kennysheep_mini_moat,
          nicolae_shop_temple_entry_statues_fountains, shop, shop, shop
D:11:     layout_rooms, erik_orc_1, gauntlet_entry_generic, grunt_livestock,
          uniq_urug, uniq_josephine
Temple:   roderic_octagonal_lattice_temple
Lair:1:   layout_loops_ring, minmay_stone_trees_small, beast_lair_carwin_10,
          uniq_fannar

Skill      XL: |  1  2  3  4  5  6  7  8  9 10 11 |
---------------+----------------------------------+-----
Axes           | 3 4 5 6 8 10 11 14 16 19 20 | 20.4
Fighting       | 7 |  7.0
Armour         | 5 |  5.0
Shields        | |  3.2

Action                   |  1- 3 |  4- 6 |  7- 9 | 10-12 || total
-------------------------+-------+-------+-------+-------++-------
Melee: War axe           |   132 |   121 |    85 |       ||   338
       Mace              |       |       |   178 |   230 ||   408
Throw: Dart              |       |     4 |    12 |    11 ||    27
       Throwing net      |       |       |     1 |       ||     1
  Use: Potion            |       |       |     4 |     6 ||    10
       Scroll            |       |       |    10 |     6 ||    16
  Eat: Chunk             |     2 |     3 |    11 |    19 ||    35
       Ration            |       |       |     1 |       ||     1
Armor: Scale mail        |    87 |    62 |    67 |    18 ||   234
       Skin              |       |       |     7 |       ||     7
       Leather armour    |       |       |     7 |    14 ||    21
       Plate armour      |       |       |       |    15 ||    15
Dodge: Dodged            |    40 |    46 |    57 |    43 ||   186
Block: Shield            |    59 |    48 |    99 |   117 ||   323
